 Dungeon Crawl Stone Soup version 0.20-a0-837-g0f21a4d (webtiles) character file.

53 M4edhros the Magician (level 3, -8/21 HPs)
             Began as an Octopode Wizard on Mar 8, 2017.
             Mangled by an ogre
             ... wielding a +0 giant club
              (29 damage)
             ... on level 4 of the Dungeon.
             The game lasted 00:01:25 (1254 turns).

M4edhros the Magician (Octopode Wizard)             Turns: 1254, Time: 00:01:26

Health: -8/21      AC:  1    Str:  6    XL:     3   Next: 87%
Magic:  6/8        EV: 13    Int: 20    God:
Gold:   118        SH:  0    Dex: 11    Spells: 5/9 levels left

rFire    . . .     SeeInvis .   e - +0 short sword (venom)
rCold    . . .     Gourm    .   (no shield)
rNeg     . . .     Faith    .   a - +0 hat
rPois    .         Spirit   .   (no amulet)
rElec    .         Reflect  .   (no ring)
rCorr    .         Harm     .   (no ring)
MR       .....                  (no ring)
Stlth    +++.......             (no ring)
Regen    0.1/turn               (no ring)
MPRegen  0.2/turn               (no ring)
                                (no ring)
                                (no ring)

@: exhausted, slowed, very slow
A: almost no armour, stealthy swim, amphibious, 8 rings, constrict 8, camouflage
1, gelatinous body 1
a: no special abilities


You were on level 4 of the Dungeon.
You were not hungry.

You visited 1 branch of the dungeon, and saw 4 of its levels.

You collected 118 gold pieces.

Inventory:

Hand Weapons
 e - a +0 short sword of venom (weapon)
Armour
 a - a +0 hat (worn)
 f - a +0 buckler
Scrolls
 d - a scroll of teleportation {unknown}
 g - a scroll of identify {unknown}
 k - a scroll of enchant weapon {unknown}
Potions
 h - a potion of berserk rage
 m - a potion of lignification {unknown}
 n - a potion of might {unknown}
Books
 b - a book of Minor Magic

   Spells                             Type                      Level
   a - Magic Dart                     Conjuration                  1
   b - Blink                          Translocation                2
   c - Call Imp                       Summoning                    2
   d - Slow                           Hexes                        2
   e - Conjure Flame                  Conjuration/Fire             3
   f - Mephitic Cloud                 Conjuration/Poison/Air       3
Comestibles
 c - 2 bread rations
 j - a meat ration
 l - 3 chunks of flesh
 o - 2 fruits


   Skills:
 - Level 2.0 Dodging
 - Level 2.6 Stealth
 + Level 3.8 Spellcasting
 + Level 2.5 Conjurations
   Level 1.0 Summonings
   Level 1.0 Translocations


You had 5 spell levels left.
You knew the following spells:

 Your Spells              Type           Power        Failure   Level  Hunger
a - Magic Dart            Conj           ##..         6%          1    None
b - Mephitic Cloud        Conj/Pois/Air  #.......     30%         3    ###....


Dungeon Overview and Level Annotations

Branches:
Dungeon (4/15)
 Temple: D:4-7

Altars:


Innate Abilities, Weirdness & Mutations

You cannot wear most types of armour.
You are very stealthy in the water. (Stealth+)
You are amphibious.
You can wear up to eight rings at the same time.
You can use your tentacles to constrict eight enemies at once.
Your skin changes colour to match your surroundings (Stealth+).
Your rubbery body absorbs attacks. (AC +1, EV +1)


Message History

Found 12 gold pieces.
You barely miss the ogre.
The ogre is lightly wounded.
You're too confused to move!
You barely miss the ogre.
The ogre is lightly wounded.
An ogre comes into view. It is wielding a giant spiked club.
You puncture the ogre!
The ogre is poisoned.
The ogre is heavily wounded.
You are no longer berserk.
You are exhausted.
You feel yourself slow down.
You aren't carrying any items that you can evoke.
It was a potion of heal wounds.
You feel much better.
The ogre seems less confused.
The ogre misses you.
You aren't carrying any items that you can evoke.
It was a potion of curing.
You feel better. The ogre hits you with a giant club!!
Ouch! That really hurt!
You die...

#...$.#
#.....#
##O....#
#......#
...<..#
#.!...#
#O....#
#@....#
#O<...#
#######


You could see 3 ogres.

Vanquished Creatures
  An adder (D:3)
  3 worms (D:3)
  A dart slug (D:1)
  A leopard gecko (D:1)
  3 giant cockroaches
  4 goblins
  2 hobgoblins
  3 jackals
  A quokka (D:2)
  4 bats
  3 frilled lizards
  2 kobolds
  4 rats
32 creatures vanquished.

Notes
Turn   | Place    | Note
-------+----------+-------------------------------------------
     0 | D:1      | M4edhros the Octopode Wizard began the quest for the Orb.
     0 | D:1      | Reached XP level 1. HP: 11/11 MP: 4/4
   313 | D:1      | Reached XP level 2. HP: 17/17 MP: 4/6
   639 | D:3      | Reached XP level 3. HP: 21/21 MP: 2/8
  1238 | D:4      | Noticed an ogre
  1238 | D:4      | Noticed an ogre
  1243 | D:4      | Learned a level 3 spell: Mephitic Cloud
  1252 | D:4      | Noticed an ogre
  1254 | D:4      | Mangled by an ogre

Vault maps used:
D:1:      lightli_arrival_statue_moat, minmay_tree_intersection, st_stairs_6
D:2:      uniq_sigmund
D:4:      serial_shops, nicolae_shop_behind_doors

Skill      XL: |  1  2 |
---------------+-------+-----
Conjurations   | 2 |  2.5
Dodging        | |  2.0
Stealth        | |  2.6
Spellcasting   | |  3.8
Summonings     | |  1.0
Translocations | |  1.0

Action                   || total
-------------------------++-------
Melee: Unarmed           ||     4
       Constrict         ||     8
       Tentacles         ||     3
       Short sword       ||    20
 Cast: Magic Dart        ||    57
       Mephitic Cloud    ||     1
  Use: Potion            ||     3
 Stab: Sleeping          ||     1
  Eat: Chunk             ||     1
Armor: Skin              ||     1
Dodge: Dodged            ||    21
